 Dungeon Sprint DCSS version 0.30.1-9-gdf580d7c3d (webtiles) character file.

Game seed: 11106044620648193104

8700000 Heoruswealwe the Minotaur Barricade (level 27, -23/232 (273) HPs)
             Began as a Minotaur Fighter on Sept 27, 2023.
             Was the Champion of Makhleb.
             Killed from afar by a wretched soul (112 damage)
             ... with a bolt of negative energy
             ... in the Dungeon (Sprint VIII: "Arena of Blood").
             The game lasted 00:12:54 (87 turns).

Heoruswealwe the Minotaur Barricade (MiFi)            Turns: 87, Time: 00:12:54

HP:   -23/232 (273) AC: 13    Str: 33    XL:     27
MP:   28/53         EV: 22    Int:  5    God:    Makhleb [******]
Gold: 0             SH:  0    Dex: 12    Spells: 80/80 levels left

rFire   . . .        k - +∞ Axe of Woe
rCold   . . .        (shield currently unavailable)
rNeg    . . .        b - +0 scale mail
rPois   .            (helmet restricted)
rElec   .            (no cloak)
rCorr   .            (no gloves)
SInv    .            (no boots)
Will    ++...        (no amulet)
Stlth   ++++++       (no ring)
HPRegen 0.58/turn    (no ring)
MPRegen 0.33/turn

%: no teleportation
@: hasted and slowed, heavily drained
A: horns 2, retaliatory headbutt
a: Renounce Religion, Minor Destruction, Lesser Servant of Makhleb, Major
Destruction, Greater Servant of Makhleb


You were in the Dungeon.
You worshipped Makhleb.
Makhleb was exalted by your worship.
You visited 1 branch

Inventory:

Hand Weapons
 a - a +0 war axe
 k - the +∞ Axe of Woe (weapon)
   (You found it in the Dungeon)
Armour
 b - a +0 scale mail (worn)
 c - a +0 buckler
Potions
 d - a potion of might
 e - a potion of curing
 h - 2 potions of magic
 i - a potion of berserk rage


   Skills:
 O Level 27 Fighting
 + Level 22.2(25.7) Short Blades
 + Level 24.0(27) Long Blades
 O Level 27 Axes
 O Level 27 Maces & Flails
 O Level 27 Polearms
 O Level 27 Staves
 O Level 27 Ranged Weapons
 O Level 27 Throwing
 O Level 27 Armour
 O Level 27 Dodging
 + Level 19.1 Stealth
 O Level 27 Shields
 O Level 27 Unarmed Combat
 O Level 27 Spellcasting
 O Level 27 Conjurations
 + Level 25.2 Hexes
 O Level 27 Summonings
 O Level 27 Necromancy
 O Level 27 Translocations
 O Level 27 Transmutations
 O Level 27 Fire Magic
 O Level 27 Ice Magic
 O Level 27 Air Magic
 O Level 27 Earth Magic
 O Level 27 Poison Magic
 O Level 27 Invocations
 O Level 27 Evocations


You had 80 spell levels left.
You didn't know any spells.
Your spell library was empty.

Dungeon Overview and Level Annotations

Branches:
Dungeon (1/1)

Altars:
Makhleb


Innate Abilities, Weirdness & Mutations

You have a pair of horns on your head.
You reflexively headbutt those who attack you in melee.


Message History

The large bag of meat is engulfed in blazing flames.
The large bag of meat explodes!
The fiery explosion engulfs something!!
You slice the meat berserker!!
You fatally mangle the meat berserker.
You kill the meat berserker!
Makhleb accepts your kill.
You hear a shout! x3
A tyrant comes into view.
You hear a shout! x2
The eight-headed meat hydra calls on the powers of darkness!
The eight-headed meat hydra convulses!
Your body is wracked with pain!
* * * LOW HITPOINT WARNING * * *
You hear a shout!
Your Stealth skill increases to level 17!
You hit the large abomination but do no damage.
You cleave the large abomination in twain.
You destroy the large abomination!
The large abomination disappears in a puff of smoke!
You slice the dread!!
You cleave the dread in twain.
You destroy the dread!
Makhleb accepts your kill.
You feel better.
You hear a shout! x9
A meat berserker comes into view. It is wielding a +9 battleaxe.
You hear a croak.
You hear a shout!
Your base Short Blades skill gained 3 levels and is now at level 22!
Your base Long Blades skill gained 3 levels and is now at level 24!
Your Stealth skill gained 2 levels and is now at level 19!
Your Hexes skill increases to level 25!
You have mastered Summonings!
You open the tyrant like a pillowcase!!!
You fatally mangle the tyrant.
You destroy the tyrant!
Makhleb accepts your kill.
You feel better.
You hear a shout! x2
A bolt of negative energy appears from out of thin air!
Deactivating autopickup; reactivate with Ctrl-A.
The bolt of negative energy hits you!!!!
You feel drained.
You die...

......#...))).._.. ..
...#.....))#))).. ...
###........))#_.<._ .
..##....#..o...)#.....
.. #...o.)))#........_..
...#.....).)........###.
.........)))...###... .
.......§)........#...O .
.......@..{§§....#......
........#.§°............
.......#.#§#......
....... #.#.....°.
.###... #.#DO.... ##..
#L....# #.. .... ..# ..


You could see a tyrant, an eight-headed meat hydra, a meat berserker (berserk)
and 2 bags of meat.

Vanquished Creatures
  3 royal mummies (D)
  4 wraiths (D)
  14 vampire knights (D)
  39 ogres (D)
  3 two-headed ogres (D)
  5 liches (D)
  2 phantoms (D)
  72 orcs (D)
  7 skeletal warriors (D)
149 creatures vanquished.

Vanquished Creatures (others)
  A two-headed ogre (D)
1 creature vanquished.

Grand Total: 150 creatures vanquished

Notes
Turn   | Place    | Note
-------+----------+-------------------------------------------
     0 | D        | Found the +∞ Axe of Woe
     0 | D        | Heoruswealwe the Minotaur Fighter began the quest for the
                  | Orb.
     0 | D        | Reached XP level 1. HP: 19/19 MP: 0/0
     1 | D        | Noticed a bag of meat
     3 | D        | Became a worshipper of Makhleb the Destroyer
     3 | D        | Noticed a bag of meat
     6 | D        | Noticed a bag of meat
    11 | D        | Killed a bag of meat
    11 | D        | Noticed a bag of meat
    11 | D        | Noticed a meat berserker
    11 | D        | Noticed a meat berserker
    12 | D        | Reached skill level 15 in Fighting
    12 | D        | Reached skill level 15 in Axes
    12 | D        | Reached skill level 15 in Armour
    12 | D        | Reached skill level 15 in Shields
    12 | D        | Reached XP level 2. HP: 49/49 MP: 1/1
    12 | D        | Reached XP level 3. HP: 56/56 MP: 2/2
    12 | D        | Reached XP level 4. HP: 63/63 MP: 3/3
    12 | D        | Reached XP level 5. HP: 70/70 MP: 4/4
    12 | D        | Reached XP level 6. HP: 78/78 MP: 5/5
    12 | D        | Reached XP level 7. HP: 84/84 MP: 6/6
    12 | D        | Reached XP level 8. HP: 93/93 MP: 7/7
    12 | D        | Reached XP level 9. HP: 100/100 MP: 8/8
    12 | D        | Reached XP level 10. HP: 107/107 MP: 9/9
    12 | D        | Noticed a meat berserker
    13 | D        | Killed a bag of meat
    13 | D        | Reached * piety under Makhleb
    13 | D        | Noticed a meat berserker
    14 | D        | Reached XP level 11. HP: 119/119 MP: 10/10
    14 | D        | Killed a meat berserker
    14 | D        | Killed a meat berserker
    14 | D        | Noticed a meat berserker
    15 | D        | Reached XP level 12. HP: 139/139 MP: 11/11
    15 | D        | Reached XP level 13. HP: 146/146 MP: 12/12
    15 | D        | Killed a bag of meat
    15 | D        | Reached ** piety under Makhleb
    15 | D        | Noticed a bag of meat
    16 | D        | Reached XP level 14. HP: 157/157 MP: 13/13
    16 | D        | Killed a meat berserker
    16 | D        | Noticed a meat berserker
    16 | D        | Noticed a bag of meat
    17 | D        | Reached skill level 5 in Dodging
    17 | D        | Noticed a bag of meat
    17 | D        | Noticed a meat berserker
    17 | D        | Noticed a meat berserker
    17 | D        | Noticed a meat berserker
    18 | D        | Killed a meat berserker
    18 | D        | Noticed a bag of meat
    19 | D        | Reached skill level 5 in Conjurations
    19 | D        | Reached skill level 5 in Fire Magic
    19 | D        | Reached XP level 15. HP: 168/168 MP: 13/21
    19 | D        | Killed a meat berserker
    19 | D        | Reached *** piety under Makhleb
    19 | D        | Noticed a meat berserker
    20 | D        | Reached skill level 5 in Spellcasting
    20 | D        | Killed a meat berserker
    20 | D        | Noticed a meat berserker
    21 | D        | Reached skill level 10 in Dodging
    22 | D        | Killed a meat berserker
    22 | D        | Reached **** piety under Makhleb
    22 | D        | Noticed a meat berserker
    22 | D        | Noticed a meat berserker
    23 | D        | Reached skill level 10 in Evocations
    23 | D        | Reached XP level 16. HP: 180/180 MP: 13/27
    23 | D        | Killed a meat berserker
    24 | D        | Reached skill level 10 in Conjurations
    24 | D        | Reached skill level 10 in Fire Magic
    24 | D        | Killed a meat berserker
    25 | D        | Reached skill level 27 in Fighting
    25 | D        | Reached skill level 27 in Axes
    25 | D        | Reached skill level 27 in Armour
    25 | D        | Reached skill level 15 in Dodging
    25 | D        | Reached skill level 27 in Shields
    25 | D        | Reached skill level 10 in Spellcasting
    25 | D        | Reached XP level 17. HP: 191/191 MP: 14/30
    25 | D        | Killed a meat berserker
    25 | D        | Reached ***** piety under Makhleb
    26 | D        | Noticed a destroyer
    28 | D        | Reached skill level 15 in Invocations
    28 | D        | Noticed a destroyer
    28 | D        | Noticed a destroyer
    29 | D        | Killed a meat berserker
    29 | D        | Killed a destroyer
    29 | D        | Noticed a meat berserker
    30 | D        | Reached skill level 15 in Evocations
    30 | D        | Reached XP level 18. HP: 200/200 MP: 15/33
    30 | D        | Killed a destroyer
    30 | D        | Reached ****** piety under Makhleb
    30 | D        | Killed a meat berserker
    31 | D        | Reached skill level 10 in Ice Magic
    31 | D        | Reached skill level 10 in Air Magic
    31 | D        | Reached skill level 10 in Poison Magic
    32 | D        | Noticed a sculptor of flesh
    32 | D        | Noticed a sculptor of flesh
    32 | D        | Noticed a meat berserker
    33 | D        | Reached skill level 15 in Conjurations
    33 | D        | Reached skill level 15 in Fire Magic
    33 | D        | Reached XP level 19. HP: 207/207 MP: 15/35
    33 | D        | Noticed a large bag of meat
    35 | D        | Killed a destroyer
    36 | D        | Reached skill level 15 in Spellcasting
    36 | D        | Killed a meat berserker
    36 | D        | Noticed a destroyer
    36 | D        | Noticed a meat berserker
    37 | D        | Reached XP level 20. HP: 216/216 MP: 16/38
    38 | D        | Reached skill level 15 in Earth Magic
    38 | D        | Noticed a meat berserker
    38 | D        | Noticed a meat berserker
    38 | D        | Noticed a meat berserker
    39 | D        | Killed a meat berserker
    40 | D        | Reached skill level 15 in Ice Magic
    40 | D        | Reached skill level 15 in Air Magic
    40 | D        | Reached skill level 15 in Poison Magic
    41 | D        | Noticed a destroyer
    41 | D        | Noticed a meat berserker
    41 | D        | Noticed a meat berserker
    41 | D        | Noticed a meat berserker
    41 | D        | Noticed a meat berserker
    41 | D        | Noticed a meat berserker
    41 | D        | Noticed a destroyer
    41 | D        | Noticed a meat berserker
    41 | D        | Noticed a destroyer
    41 | D        | Noticed a meat berserker
    41 | D        | Noticed a destroyer
    41 | D        | Noticed a meat berserker
    41 | D        | Noticed a destroyer
    42 | D        | Noticed a large bag of meat
    42 | D        | Killed a meat berserker
    42 | D        | Killed a destroyer
    43 | D        | Reached XP level 21. HP: 224/224 MP: 17/42
    44 | D        | Noticed a large bag of meat
    45 | D        | Reached skill level 27 in Dodging
    45 | D        | Killed a destroyer
    45 | D        | Noticed a destroyer
    45 | D        | Noticed a destroyer
    46 | D        | Reached XP level 22. HP: 233/233 MP: 18/44
    46 | D        | Noticed a destroyer
    47 | D        | Reached skill level 27 in Invocations
    47 | D        | Killed a destroyer
    48 | D        | Reached skill level 10 in Transmutations
    48 | D        | Reached XP level 23. HP: 240/240 MP: 18/47
    48 | D        | Noticed a destroyer
    49 | D        | Reached skill level 27 in Evocations
    49 | D        | Noticed a tyrant
    50 | D        | Reached skill level 10 in Translocations
    50 | D        | Reached XP level 24. HP: 249/249 MP: 18/48
    51 | D        | Reached skill level 15 in Transmutations
    52 | D        | Noticed a tyrant
    53 | D        | Reached XP level 25. HP: 204/257 MP: 19/50
    53 | D        | Noticed a tyrant
    54 | D        | Killed a large bag of meat
    54 | D        | Killed a large bag of meat
    54 | D        | Killed a destroyer
    55 | D        | Reached skill level 27 in Conjurations
    55 | D        | Reached skill level 27 in Fire Magic
    55 | D        | Reached skill level 27 in Earth Magic
    55 | D        | Killed a destroyer
    56 | D        | Reached skill level 10 in Throwing
    56 | D        | Reached XP level 26. HP: 256/266 MP: 20/51
    56 | D        | Killed a destroyer
    56 | D        | Killed a destroyer
    56 | D        | Killed a destroyer
    56 | D        | Noticed an accursed
    57 | D        | Reached skill level 27 in Spellcasting
    57 | D        | Reached skill level 27 in Ice Magic
    57 | D        | Reached skill level 27 in Air Magic
    57 | D        | Reached skill level 27 in Poison Magic
    58 | D        | Reached XP level 27. HP: 253/273 MP: 20/53
    58 | D        | Killed a destroyer
    58 | D        | Noticed a tyrant
    59 | D        | Reached skill level 15 in Summonings
    59 | D        | Noticed a dread
    60 | D        | Reached skill level 15 in Hexes
    60 | D        | Killed a tyrant
    61 | D        | Reached skill level 15 in Ranged Weapons
    61 | D        | Killed a destroyer
    62 | D        | Killed a large bag of meat
    62 | D        | Noticed a destroyer
    62 | D        | Noticed an accursed
    63 | D        | Reached skill level 27 in Transmutations
    63 | D        | Killed a tyrant
    63 | D        | Noticed a dread
    63 | D        | Noticed an accursed
    64 | D        | Killed a tyrant
    65 | D        | Noticed a dread
    69 | D        | Killed a dread
    69 | D        | Killed an accursed
    69 | D        | Noticed a tyrant
    71 | D        | HP: 11/273 [accursed/divine providence (10)]
    72 | D        | Killed a tyrant
    72 | D        | Killed a destroyer
    72 | D        | HP: 5/273 [dread/damnation (19)]
    73 | D        | Reached skill level 27 in Maces & Flails
    73 | D        | Reached skill level 27 in Polearms
    73 | D        | Reached skill level 27 in Staves
    73 | D        | Reached skill level 27 in Throwing
    74 | D        | Noticed a dread
    75 | D        | Killed a dread
    75 | D        | Noticed a large bag of meat
    76 | D        | Reached skill level 27 in Translocations
    76 | D        | Killed an accursed
    77 | D        | Reached skill level 10 in Long Blades
    77 | D        | Reached skill level 27 in Ranged Weapons
    78 | D        | Reached skill level 10 in Short Blades
    78 | D        | Killed a dread
    79 | D        | Reached skill level 27 in Necromancy
    79 | D        | Killed an accursed
    80 | D        | Reached skill level 15 in Stealth
    81 | D        | HP: 10/273 [dread/damnation (35)]
    84 | D        | Reached skill level 27 in Unarmed Combat
    84 | D        | Killed a large bag of meat
    85 | D        | Noticed a tyrant
    86 | D        | Killed a dread
    87 | D        | Reached skill level 27 in Summonings
    87 | D        | Killed a tyrant
    87 | D        | Killed from afar by a wretched soul

Illustrated notes

Levels and vault maps discovered:
D:        meatsprint

Skill      XL: |  1  2  3  4  5  6  7  8  9 10 11 12 13 14 15 16 17 18 19 20 21 22 23 24 25 26 27 |
---------------+----------------------------------------------------------------------------------+-----
Fighting       | 15 18 22 23 24 26 27 | 27.0
Axes           | 15 17 22 23 24 26 27 | 27.0
Armour         | 15 18 22 23 24 26 27 | 27.0
Shields        | 15 18 22 23 24 26 27 | 27.0
Dodging        | 7 12 15 18 20 23 26 27 | 27.0
Spellcasting   | 4 8 10 12 13 15 18 19 21 22 24 25 27 | 27.0
Conjurations   | 5 8 10 13 15 17 19 21 22 24 26 27 | 27.0
Fire Magic     | 5 8 11 13 15 17 19 21 22 24 26 27 | 27.0
Invocations    | 6 11 14 17 19 21 24 26 27 | 27.0
Evocations     | 6 10 12 15 17 20 22 24 26 27 | 27.0
Ice Magic      | 7 10 13 16 18 20 22 24 26 27 | 27.0
Air Magic      | 7 10 13 16 18 20 22 24 26 27 | 27.0
Earth Magic    | 8 11 14 18 20 22 24 26 27 | 27.0
Poison Magic   | 7 10 13 16 18 20 22 24 26 27 | 27.0
Transmutations | 10 14 18 21 24 27 | 27.0
Translocations | 10 14 17 21 27 | 27.0
Necromancy     | 9 14 18 27 | 27.0
Throwing       | 10 18 27 | 27.0
Hexes          | 6 13 25 | 25.2
Summonings     | 7 14 27 | 27.0
Maces & Flails | 9 27 | 27.0
Polearms       | 9 27 | 27.0
Staves         | 9 27 | 27.0
Ranged Weapons | 8 27 | 27.0
Unarmed Combat | 27 | 27.0
Short Blades   | 22 | 22.2
Long Blades    | 24 | 24.0
Stealth        | 19 | 19.1

Action                     |  1- 3 |  4- 6 |  7- 9 | 10-12 | 13-15 | 16-18 | 19-21 | 22-24 | 25-27 || total
---------------------------+-------+-------+-------+-------+-------+-------+-------+-------+-------++-------
  Melee: Executioner's axe |     1 |       |       |     2 |     6 |     7 |    12 |     7 |    28 ||    63
    Use: Scroll            |       |       |       |       |       |       |     1 |       |       ||     1
         Potion            |       |       |       |       |       |       |       |       |     2 ||     2
